 Dungeon Crawl Stone Soup version 0.31-a0-1308-ga3cce3a448 (webtiles) character file.

Game seed: 4067505130060891020

12 jlumianski the Ruffian (level 2, 0/34 HPs)
             Began as a Gnoll Shapeshifter on Dec 19, 2023.
             Slain by Jessica
             ... wielding a +2 dagger of freezing
              (5 damage)
             ... on level 2 of the Dungeon.
             The game lasted 00:01:54 (587 turns).

jlumianski the Ruffian (Gnoll Shapeshifter)          Turns: 587, Time: 00:01:55

Health: 0/34       AC: 21    Str: 13    XL:     2   Next: 33%
Magic:  2/2        EV:  2    Int:  9    God:
Gold:   124        SH:  0    Dex: 11    Spells: 1/1 levels left

rFire   . .          .
                       - Unarmed
rCold   . . .        (no shield)
rNeg    . . .        e - melded +0 ring mail
rPois   +            (helmet currently unavailable)
rElec   .            (cloak currently unavailable)
rCorr   .            (gloves currently unavailable)
SInv    .            (boots currently unavailable)
Will    .....        g - amulet of regeneration
Stlth   +            (no ring)
HPRegen 1.05/turn    (no ring)
MPRegen 0.08/turn

%: no passive effects
@: tree-form
A: stationary, stasis, torment immunity, boosted hp, (fangs 1), strong nose,
distributed training
a: no special abilities


You were on level 2 of the Dungeon.
You were a tree.
You visited 1 branch of the dungeon, and saw 2 of its levels.

You collected 124 gold pieces.

Inventory:

Hand Weapons
 k - a +0 great sword
Missiles
 i - 4 darts of dispersal (quivered)
Armour
 a - a +0 animal skin
 e - a +0 ring mail (melded)
 o - a +1 pair of gloves
Jewellery
 g - an amulet of regeneration (around neck)
 l - an amulet of guardian spirit
Talismans
 c - a beast talisman
 d - a flux talisman
Scrolls
 j - 2 scrolls of teleportation {unknown}
 n - a scroll of enchant armour {unknown}
Potions
 f - a potion of berserk rage {unknown}
 h - a potion of curing {unknown}
 m - a potion of cancellation {unknown}


   Skills:
 + Level 2.5 Fighting
 + Level 0.4 Short Blades
 + Level 0.4 Long Blades
 + Level 0.4 Axes
 + Level 0.4 Maces & Flails
 + Level 0.4 Polearms
 + Level 0.4 Staves
 + Level 0.4 Ranged Weapons
 + Level 0.4 Throwing
 + Level 0.4 Armour
 + Level 4.5 Dodging
 + Level 0.4 Stealth
 + Level 0.4 Shields
 + Level 6.5 Unarmed Combat
 + Level 0.4 Spellcasting
 + Level 0.2 Conjurations
 + Level 0.2 Hexes
 + Level 0.2 Summonings
 + Level 0.2 Necromancy
 + Level 0.2 Translocations
 + Level 0.2 Transmutations
 + Level 0.2 Fire Magic
 + Level 0.2 Ice Magic
 + Level 0.2 Air Magic
 + Level 0.2 Earth Magic
 + Level 0.2 Poison Magic
 + Level 0.5 Invocations
 + Level 0.4 Evocations
 + Level 6.4 Shapeshifting


You had one spell level left.
You didn't know any spells.
Your spell library was empty.

Dungeon Overview and Level Annotations

Branches:
Dungeon (2/15)

Altars:

Annotations:
D:2 Jessica


Innate Abilities, Weirdness & Mutations

You are a tree.
Your roots penetrate the ground, keeping you stationary.
You cannot be teleported.
You are immune to unholy pain and torment.
Your maximum health is greatly increased.
Your equipment is partially melded.
((You have very sharp teeth.))
Your uncanny sense of smell can sniff out nearby items.
Your experience applies equally to all skills.


Message History

Jessica hits you with a +2 dagger of freezing.
Jessica freezes you.
You hit Jessica.
Jessica is heavily wounded.
Jessica hits you with a +2 dagger of freezing.
Jessica freezes you.
You hit Jessica but do no damage. Your bite misses Jessica.
Jessica is heavily wounded.
Jessica hits you with a +2 dagger of freezing.
Jessica freezes you.
You hit Jessica but do no damage.
Jessica is heavily wounded.
Jessica hits you with a +2 dagger of freezing.
Jessica freezes you.
You hit Jessica.
Jessica is heavily wounded.
Jessica mumbles something strange.
Jessica gestures wildly while chanting.
Jessica seems to speed up.
You barely miss Jessica.
Jessica is heavily wounded.
Jessica looks very angry.
Jessica hits you with a +2 dagger of freezing.
Jessica freezes you.
You closely miss Jessica.
Jessica is heavily wounded.
Jessica looks very angry.
Jessica points at you and mumbles some strange words.
Pain shoots through your body!
* * * LOW HITPOINT WARNING * * *
Jessica hits you but does no damage.
Your transformation has ended.
You turn into a tree.
Your +0 ring mail melds into your body.
Your roots penetrate the ground.
Jessica gestures wildly while chanting.
Jessica blinks!
You smack the endoplasm!
You kill the endoplasm!
Jessica hits you with a +2 dagger of freezing.
You die...

##########
#........###
######
#.#........
.....#
#####........
...<.+
.......>@#.#+####
w....#
#<♣§......#
...b.#
#.###.....#
.....# #.. ....#
....... #### $..#
.......# ###
####...# ...#
...#


You could see Jessica (fast).

Vanquished Creatures
  2 bats (D:1)
  2 endoplasms
  2 hobgoblins (D:1)
  3 ball pythons (D:1)
  2 kobolds (D:1)
11 creatures vanquished.

Notes
Turn   | Place    | Note
-------+----------+-------------------------------------------
     0 | D:1      | jlumianski the Gnoll Shapeshifter began the quest for the
                  | Orb.
     0 | D:1      | Reached XP level 1. HP: 17/17 MP: 1/1
   384 | D:1      | Reached XP level 2. HP: 23/23 MP: 2/2
   576 | D:2      | Noticed Jessica
   584 | D:2      | HP: 1/23 [Jessica/nerve-wracking pain (9)]
   587 | D:2      | Slain by Jessica

Illustrated notes

Levels and vault maps discovered:
D:1:      minmay_arrival_widening_spiral_wide, layout_loops_ring, serial_forest,
          infiniplex_forest_diagonal, infiniplex_forest_corner_2,
          infiniplex_forest_lined_corner, infiniplex_forest_clump_curved,
          infiniplex_forest_clump_diagonal, infiniplex_forest_3_way,
          minmay_split_cup_large
D:2:      layout_basic, ebering_ecumenical_altar_ruins, uniq_natasha,
          uniq_jessica

Action                     || total
---------------------------++-------
  Melee: Unarmed           ||    26
         Bite              ||     2
         Punch             ||     1
    Use: Potion            ||     1
 Armour: Ring mail         ||    19
         Skin              ||     1
  Dodge: Dodged            ||    10

Table legend: (Time is in decaauts)
 A = Elapsed time spent in this place.
 B = Non-inter-level travel time spent in this place.
 C = Inter-level travel time spent in this place.
 D = Time resting spent in this place.
 E = Time spent auto-exploring this place.
 F = Levels seen in this place.
 G = Mean time per level.
                   A        B        C        D        E       F      G
               +--------+--------+--------+--------+--------+-----+--------+
         Total |    584 |    584 |      0 |      0 |    424 |   2 |  292.0 |
       Dungeon |    584 |    584 |      0 |      0 |    424 |   2 |  292.0 |
               +--------+--------+--------+--------+--------+-----+--------+

Top non-repeatable levels by time:
     D:1: 568 daAuts
     D:2: 15 daAuts
